[Event "ICC tourney 2049 (75 10)"]
[Site "Internet Chess Club"]
[Date "2020.10.10"]
[Round "4"]
[White "Zuiopal"]
[Black "rockinroll"]
[Result "1/2-1/2"]
[ICCResult "Game drawn by mutual agreement"]
[WhiteElo "1711"]
[BlackElo "1800"]
[Opening "Queen's gambit accepted"]
[ECO "D20"]
[NIC "QG.03"]
[Time "18:32:25"]
[TimeControl "4500+10"]

1. d4 d5 2. c4 dxc4 3. e3 e6 4. Bxc4 a6 5. a4 c5 6. Nf3 Nc6 7. O-O Nf6 8.
dxc5 Qxd1 9. Rxd1 Bxc5 10. Nc3 O-O 11. Bd2 b6 12. Be2 Bb7 13. Be1 Rfd8 14.
h3 h6 15. Rac1 {Game drawn by mutual agreement} 1/2-1/2

[Event "ICC tourney 2049 (75 10)"]
[Site "Internet Chess Club"]
[Date "2020.10.10"]
[Round "4"]
[White "Randomdude21"]
[Black "Arshshah"]
[Result "1-0"]
[ICCResult "Black checkmated"]
[WhiteElo "1792"]
[BlackElo "1828"]
[Opening "Sicilian: closed"]
[ECO "B23"]
[NIC "SI.44"]
[Time "18:32:11"]
[TimeControl "4500+10"]

1. e4 c5 2. Nc3 e6 3. f4 Nc6 4. Nf3 a6 5. d3 b5 6. g3 Bb7 7. Bg2 d5 8. O-O
d4 9. Ne2 Nf6 10. Qe1 Be7 11. h3 O-O 12. g4 Nb4 13. Qd1 h6 14. a3 Nc6 15.
Qe1 c4 16. Qg3 Qb6 17. g5 Nxe4 18. dxe4 d3+ 19. Kh2 d2 20. gxh6 g6 21. Bxd2
Rad8 22. Bc3 Nb8 23. h7+ Kxh7 24. Ng5+ Bxg5 25. fxg5 Qd6 26. Be5 Qxe5 27.
Qxe5 Rd2 28. Nf4 Nd7 29. Qc3 Rd6 30. Qg3 Rd2 31. Qh4+ Kg8 32. Rad1 Rxc2 33.
Rxd7 Bxe4 34. Rf2 Rxf2 35. Qxf2 Bxg2 36. Nxg2 c3 37. bxc3 b4 38. cxb4 a5 39.
Qf6 axb4 40. axb4 e5 41. Nh4 e4 42. Nxg6 Kh7 43. Nxf8+ Kg8 44. Qxf7+ Kh8 45.
Qg7# {Black checkmated} 1-0

[Event "ICC tourney 2049 (75 10)"]
[Site "Internet Chess Club"]
[Date "2020.10.10"]
[Round "4"]
[White "abi2009"]
[Black "Arsalchess"]
[Result "0-1"]
[ICCResult "White resigns"]
[WhiteElo "1725"]
[BlackElo "1933"]
[Opening "Ruy Lopez: Marshall counter-attack, 11...c6"]
[ECO "C89"]
[NIC "RL.17"]
[Time "18:32:04"]
[TimeControl "4500+10"]

1. e4 e5 2. Nf3 Nc6 3. Bb5 a6 4. Ba4 Nf6 5. O-O Be7 6. Re1 b5 7. Bb3 O-O 8.
c3 d5 9. exd5 Nxd5 10. Nxe5 Nxe5 11. Rxe5 c6 12. Bxd5 cxd5 13. d4 Bd6 14.
Re1 Qh4 15. g3 Qh3 16. Qf3 Bg4 17. Qg2 Qh5 18. f4 Rae8 19. Be3 Re6 20. Nd2
Rfe8 21. Qf2 Qf5 22. Nf1 Bh3 23. Rad1 Qh5 24. Nd2 Rxe3 {White resigns} 0-1

[Event "ICC tourney 2049 (75 10)"]
[Site "Internet Chess Club"]
[Date "2020.10.10"]
[Round "4"]
[White "Gold-Finch123"]
[Black "goodcrowdchess"]
[Result "0-1"]
[ICCResult "White resigns"]
[WhiteElo "1591"]
[BlackElo "1611"]
[Opening "Queen's pawn, Mason variation"]
[ECO "D00"]
[NIC "QP.08"]
[Time "18:32:35"]
[TimeControl "4500+10"]

1. d4 d5 2. Bf4 Nf6 3. e3 e6 4. Nf3 c5 5. c3 Nc6 6. Nbd2 Bd6 7. Bg3 O-O 8.
Bd3 b6 9. Ne5 Ne7 10. Ndf3 Bb7 11. Qb1 Ng6 12. Ng5 Bxe5 13. dxe5 Nd7 14.
Bxg6 hxg6 15. h4 Re8 16. Nf3 Nf8 17. h5 d4 18. h6 Nh7 19. hxg7 Bxf3 20. gxf3
Kxg7 21. exd4 cxd4 22. Qc1 Ng5 23. Bf4 Nxf3+ 24. Ke2 Qd5 25. Bh6+ Kg8 26.
Qf4 Nxe5 27. Qf3 Qxf3+ {White resigns} 0-1

[Event "ICC tourney 2049 (75 10)"]
[Site "Internet Chess Club"]
[Date "2020.10.10"]
[Round "4"]
[White "pika0008"]
[Black "Slivovitz"]
[Result "1/2-1/2"]
[ICCResult "Game drawn by mutual agreement"]
[WhiteElo "1674"]
[BlackElo "2086"]
[Opening "Réti opening"]
[ECO "A32"]
[NIC "QP.11"]
[Time "18:32:27"]
[TimeControl "4500+10"]

1. Nf3 e6 2. c4 c5 3. d4 Nf6 4. Nc3 cxd4 5. Nxd4 a6 6. e4 d6 7. Be2 Be7 8.
O-O Nc6 9. Be3 d5 10. cxd5 exd5 11. exd5 Nxd5 12. Nxd5 Qxd5 13. Qd2 Nxd4 14.
Qxd4 Qxd4 15. Bxd4 O-O 16. Bf3 Bf6 17. Bxf6 gxf6 18. Rac1 Rb8 19. Rfd1 Be6
20. Bd5 Bxd5 21. Rxd5 Rfd8 22. Rdc5 Rd2 23. R5c2 Rbd8 24. g3 R8d6
{Game drawn by mutual agreement}
1/2-1/2

[Event "ICC tourney 2049 (75 10)"]
[Site "Internet Chess Club"]
[Date "2020.10.10"]
[Round "4"]
[White "caratclownery"]
[Black "Otelo"]
[Result "1/2-1/2"]
[ICCResult "Game drawn by mutual agreement"]
[WhiteElo "1931"]
[BlackElo "2049"]
[Opening "Sicilian: Taimanov (Bastrikov) variation"]
[ECO "B47"]
[NIC "SI.40"]
[Time "18:32:20"]
[TimeControl "4500+10"]

1. e4 c5 2. Nf3 e6 3. d4 cxd4 4. Nxd4 Nc6 5. Nc3 Qc7 6. Ndb5 Qb8 7. Bc4 Nf6
8. O-O a6 9. Nd4 b5 10. Nxc6 dxc6 11. Bd3 Be7 12. Qf3 e5 13. h3 Be6 14. a3
O-O 15. Ne2 c5 16. c3 c4 17. Bc2 Qc7 18. Ng3 Rfd8 19. Nf5 Bxf5 20. Qxf5 g6
21. Qf3 Nd7 22. Qg3 Nc5 23. f4 Nd3 24. f5 Nxc1 25. Raxc1 Rd2 26. fxg6 hxg6
27. Kh1 Kg7 28. Qf3 Bg5 29. Qg4 f6 30. Rcd1 Rad8 31. Rxd2 Rxd2 32. Bd1
{Game drawn by mutual agreement}
1/2-1/2

[Event "ICC tourney 2049 (75 10)"]
[Site "Internet Chess Club"]
[Date "2020.10.10"]
[Round "4"]
[White "DanielA1926"]
[Black "PearsonH"]
[Result "0-1"]
[ICCResult "White checkmated"]
[WhiteElo "1518"]
[BlackElo "1775"]
[Opening "QGD: 4.Nf3"]
[ECO "D37"]
[NIC "QO.17"]
[Time "18:32:05"]
[TimeControl "4500+10"]

1. d4 e6 2. Nf3 d5 3. c4 Nf6 4. Nc3 Be7 5. e3 O-O 6. Bd3 dxc4 7. Bxc4 b6 8.
Qe2 c5 9. O-O Nc6 10. Rd1 cxd4 11. Nxd4 Nxd4 12. Rxd4 Qc7 13. Bd2 Bc5 14.
Rd3 a6 15. a4 Bd6 16. g3 Bxg3 17. hxg3 Qxc4 18. Rc1 Qg4 19. Qxg4 Nxg4 20.
Rd6 Ne5 21. Kg2 Bb7+ 22. Kf1 Nc4 23. b3 Nxd6 24. a5 b5 25. Ne2 Rac8 26. Bb4
Rxc1+ 27. Nxc1 Rd8 28. Ne2 Ne4 29. Ke1 Nf6 30. Nc3 Nd5 31. Nxd5 Bxd5 32. Bd2
Bf3 33. b4 f5 34. g4 fxg4 35. e4 h5 36. Kf1 Rxd2 37. Kg1 h4 38. Kh2 Rd1 39.
e5 Rh1# {White checkmated} 0-1

[Event "ICC tourney 2049 (75 10)"]
[Site "Internet Chess Club"]
[Date "2020.10.10"]
[Round "4"]
[White "spellking98"]
[Black "Vish1080"]
[Result "1-0"]
[ICCResult "Black resigns"]
[WhiteElo "2132"]
[BlackElo "1664"]
[Opening "Sicilian defense"]
[ECO "B20"]
[NIC "SI.48"]
[Time "18:32:29"]
[TimeControl "4500+10"]

1. e4 c5 2. b3 Nc6 3. Bb2 e5 4. Nc3 d6 5. g3 Nf6 6. Bg2 Be7 7. Nge2 O-O 8.
O-O Nd4 9. h3 Nd7 10. f4 f5 11. Nxd4 cxd4 12. Nd5 Nb6 13. Nxe7+ Qxe7 14. Qe2
fxe4 15. Bxe4 Bxh3 16. Qh5 Bf5 17. Bxf5 g6 18. Bxg6 hxg6 19. Qxg6+ Qg7 20.
Qxg7+ Kxg7 21. Rae1 Nd7 22. c4 a6 23. fxe5 dxe5 24. Bxd4 Rxf1+ 25. Kxf1 Rf8+
26. Bf2 Nc5 27. Kg2 Nd3 28. Rf1 b5 29. Be3 bxc4 30. Rxf8 Kxf8 31. bxc4 e4
32. c5 Ke7 33. g4 Kd7 34. g5 Ne5 35. Kg3 Ke6 36. Kf4 Kd5 37. Kf5 Nd7 38. g6
{Black resigns}
1-0

[Event "ICC tourney 2049 (75 10)"]
[Site "Internet Chess Club"]
[Date "2020.10.10"]
[Round "4"]
[White "Mrpeetapizza"]
[Black "BadWolf"]
[Result "1/2-1/2"]
[ICCResult "Game drawn by mutual agreement"]
[WhiteElo "1865"]
[BlackElo "1954"]
[Opening "French: Tarrasch, closed variation, main line"]
[ECO "C06"]
[NIC "FR.17"]
[Time "18:32:14"]
[TimeControl "4500+10"]

1. e4 e6 2. d4 d5 3. Nd2 Nf6 4. e5 Nfd7 5. Bd3 c5 6. c3 Nc6 7. Ne2 cxd4 8.
cxd4 f6 9. exf6 Nxf6 10. O-O Bd6 11. Nf3 Qc7 12. Ng3 O-O 13. Re1 e5 14. dxe5
Nxe5 15. Nxe5 Bxe5 16. Bc2 Bg4 17. Qd3 Rac8 18. Bb3 Kh8 19. h3 Bd7 20. Nf1
Bc6 21. Ne3 Bh2+ 22. Kh1 Ne4 23. Ng4 Nxf2+ 24. Nxf2 Rxf2 25. Bxd5
{Game drawn by mutual agreement}
1/2-1/2

[Event "ICC tourney 2049 (75 10)"]
[Site "Internet Chess Club"]
[Date "2020.10.10"]
[Round "4"]
[White "investigator"]
[Black "karuto2006"]
[Result "1-0"]
[ICCResult "Black checkmated"]
[WhiteElo "2104"]
[BlackElo "1731"]
[Opening "Catalan: open, classical line"]
[ECO "E05"]
[NIC "CA.05"]
[Time "18:32:22"]
[TimeControl "4500+10"]

1. c4 Nf6 2. g3 e6 3. Nf3 d5 4. d4 Be7 5. Bg2 dxc4 6. O-O O-O 7. Ne5 c6 8.
Nc3 Qc7 9. Nxc4 Nbd7 10. Bf4 Qd8 11. e4 Nb6 12. Ne3 h6 13. Nc2 Nh7 14. b4
Bd6 15. Be3 Nc4 16. Qe2 Nxe3 17. Qxe3 Qe7 18. a3 e5 19. dxe5 Bxe5 20. f4
Bxc3 21. Qxc3 Nf6 22. Rfe1 Re8 23. h3 Qc7 24. Kh2 Qb6 25. Rad1 a5 26. Nd4
axb4 27. axb4 Bd7 28. f5 Rac8 29. Nb3 Red8 30. Nc5 Be8 31. e5 Nd5 32. Bxd5
cxd5 33. Qd4 Bc6 34. e6 fxe6 35. fxe6 Re8 36. Qe3 Qxb4 37. Nd3 Qe4 38. Qf2
Qg6 39. Nf4 Qf6 40. Qe3 Re7 41. Rf1 Qb2+ 42. Rf2 Qb5 43. Ng6 Ree8 44. Qf4
Kh7 45. Qf5 Kg8 46. e7 Bd7 47. Qf7+ Kh7 48. Nf8+ Kh8 49. Qg6 Bf5 50. Qxf5
Rxf8 51. exf8=Q+ Rxf8 52. Qxf8+ Kh7 53. Qf5+ Kh8 54. Rc1 Qe8 55. Rc8 Qxc8
56. Qxc8+ Kh7 57. Rf8 Kg6 58. Qf5# {Black checkmated} 1-0

[Event "ICC tourney 2049 (75 10)"]
[Site "Internet Chess Club"]
[Date "2020.10.10"]
[Round "4"]
[White "Kausy"]
[Black "combusken1123"]
[Result "1-0"]
[ICCResult "Black resigns"]
[WhiteElo "1737"]
[BlackElo "1662"]
[Opening "Sicilian: Pelikan, Chelyabinsk variation"]
[ECO "B33"]
[NIC "SI.37"]
[Time "18:32:11"]
[TimeControl "4500+10"]

1. e4 c5 2. Nf3 Nc6 3. d4 cxd4 4. Nxd4 Nf6 5. Nc3 e5 6. Ndb5 d6 7. Bg5 a6 8.
Na3 b5 9. Bxf6 gxf6 10. Nd5 Bg7 11. c3 Ne7 12. Be2 Nxd5 13. Qxd5 Rb8 14. O-O
Bb7 15. Qd3 O-O 16. Rad1 Qa5 17. Bg4 Rfd8 18. Bf3 Bc8 19. Nc2 Be6 20. Nb4
Bc4 21. Qc2 Bxf1 22. Nc6 Qb6 23. Nxd8 Bxg2 24. Kxg2 Rxd8 25. Rd5 Qc6 26. Qd3
Qc4 27. Qxc4 bxc4 28. Be2 Rb8 29. Bxc4 Rxb2 30. Rxd6 Rc2 31. Rxa6 Rxc3 32.
Bd5 Rc7 33. a4 Bf8 34. Rxf6 Ra7 35. a5 Kg7 36. Rc6 Be7 37. a6 f6 38. Re6 Kg6
39. Bb7 Kf7 40. Rc6 Kg6 41. f3 Kg5 42. Rc7 Bd6 43. Rxh7 Bf8 44. Kg3 Bb4 45.
h4+ Kg6 46. Rd7 Be1+ 47. Kg4 Kh6 48. h5 Bb4 49. Kf5 Be1 50. Kxf6 Bh4+ 51.
Kf5 Bf6 52. Kxf6 Rxb7 53. axb7 Kxh5 {Black resigns} 1-0

[Event "ICC tourney 2049 (75 10)"]
[Site "Internet Chess Club"]
[Date "2020.10.10"]
[Round "4"]
[White "saanvichess"]
[Black "arya2"]
[Result "0-1"]
[ICCResult "White resigns"]
[WhiteElo "1718"]
[BlackElo "2011"]
[Opening "Sicilian: Richter-Rauzer, Larsen variation, 7.Qd2"]
[ECO "B61"]
[NIC "SI.27"]
[Time "18:32:04"]
[TimeControl "4500+10"]

1. e4 c5 2. Nf3 d6 3. d4 Nf6 4. Nc3 cxd4 5. Nxd4 Nc6 6. Bg5 Bd7 7. Qd2 Rc8
8. O-O-O Qa5 9. Nb3 Qc7 10. Kb1 g6 11. Bh6 a6 12. Bxf8 Rxf8 13. f3 b5 14. a3
Be6 15. Nd4 Nxd4 16. Qxd4 Bc4 17. Bxc4 Qxc4 18. Qxc4 Rxc4 19. Rhe1 Nd7 20.
f4 Kd8 21. Nd5 e6 22. Nc3 Ke7 23. g3 Rfc8 24. Re2 Nb6 25. Red2 R4c6 26. Ne2
Nc4 27. Rd3 Nb6 28. Nc3 Nc4 29. Ne2 a5 30. Nd4 Rb6 31. Rb3 b4 32. axb4 a4
33. Rc3 Rxb4 34. b3 Nd2+ 35. Kb2 Nc4+ 36. Ka2 axb3+ 37. Rxb3 Ra4+ 38. Kb1
Rca8 39. Rb7+ Kf6 40. c3 Ra1+ 41. Kc2 Ne3+ 42. Kd2 Nxd1 43. e5+ dxe5 44.
fxe5+ Kg7 45. Nxe6+ Kg8 46. Ng5 Rd8+ 47. Ke2 Nxc3+ 48. Kf2 Ra2+ 49. Kf3 Rxh2
50. Rxf7 Rf8 51. Rxf8+ Kxf8 52. Kg4 h5+ 53. Kf3 Ke7 54. e6 Ra2 55. Kf4 Ne2+
56. Kf3 Nd4+ 57. Kf4 Nxe6+ 58. Nxe6 Kxe6 59. Kg5 Kf7 60. g4 hxg4 61. Kxg4
Ra4+ {White resigns} 0-1

[Event "ICC tourney 2049 (75 10)"]
[Site "Internet Chess Club"]
[Date "2020.10.10"]
[Round "4"]
[White "Sricharan07"]
[Black "poohfur"]
[Result "1-0"]
[ICCResult "Black resigns"]
[WhiteElo "1906"]
[BlackElo "1712"]
[Opening "Ruy Lopez: 5.O-O"]
[ECO "C78"]
[NIC "RL.12"]
[Time "18:32:45"]
[TimeControl "4500+10"]

1. e4 e5 2. Nf3 Nc6 3. Bb5 a6 4. Ba4 Nf6 5. O-O b5 6. Bb3 Bc5 7. Re1 d6 8.
h3 Bb6 9. c3 h6 10. d3 g5 11. Be3 g4 12. hxg4 Bxg4 13. Bxb6 cxb6 14. Nbd2
Nh5 15. Bd5 Rc8 16. Qb3 Qf6 17. Nh2 Rg8 18. Re3 Na5 19. Qc2 Qg6 20. g3 Nf4
21. Kh1 h5 22. Rg1 Nh3 23. Rg2 h4 24. Ndf1 Rh8 25. gxh4 Rxh4 26. Reg3 Qf6
27. Rxg4 Rxg4 28. Nxg4 Qh4 29. Ngh2 Ng5 30. Qe2 Ke7 31. Qg4 Qxg4 32. Rxg4
Nh3 33. Kg2 Nf4+ 34. Kf3 Nxd3 35. Rg7 Nxb2 36. Rxf7+ Ke8 37. Ng4 Rxc3+ 38.
Nfe3 Nac4 39. Nf6+ Kd8 40. Be6 Nd2+ 41. Ke2 Nbc4 42. Ned5 {Black resigns}
1-0

[Event "ICC tourney 2049 (75 10)"]
[Site "Internet Chess Club"]
[Date "2020.10.10"]
[Round "4"]
[White "Yooper"]
[Black "challenger2010"]
[Result "1-0"]
[ICCResult "Black checkmated"]
[WhiteElo "2038"]
[BlackElo "2120"]
[Opening "English, 1...Nf6 (Anglo-Indian defense)"]
[ECO "A15"]
[NIC "EO.64"]
[Time "18:32:26"]
[TimeControl "4500+10"]

1. c4 Nf6 2. g3 g6 3. Bg2 Bg7 4. Nc3 O-O 5. e4 e5 6. Nge2 Nh5 7. O-O Nc6 8.
d3 d6 9. Be3 f5 10. Qd2 fxe4 11. dxe4 Nf6 12. Rad1 Be6 13. Nd5 Qd7 14. f3 b6
15. b4 Rad8 16. Nec3 Nd4 17. b5 a6 18. a4 axb5 19. axb5 Ra8 20. Bxd4 exd4
21. Ne2 Ra4 22. Rc1 Rfa8 23. Nxd4 Nxd5 24. Nxe6 Ne3 25. Qxe3 Qxe6 26. Qe2
Qe5 27. f4 Qd4+ 28. Kh1 Ra2 29. Qg4 Qb2 30. Qh3 h5 31. e5 Ra1 32. Qe6+ Kh7
33. Be4 Qe2 34. Qxg6+ Kg8 35. Bd5+ Kh8 36. Rxa1 Ra2 37. Qe8+ Kh7 38. Bg8+
Kh8 39. Be6+ Kh7 40. Bf5+ Kh6 41. Qg6# {Black checkmated} 1-0

[Event "ICC tourney 2049 (75 10)"]
[Site "Internet Chess Club"]
[Date "2020.10.10"]
[Round "4"]
[White "kaspanama0375"]
[Black "BobbyFissure"]
[Result "1-0"]
[ICCResult "Black resigns"]
[WhiteElo "1890"]
[BlackElo "1462"]
[Opening "Queen's Indian: old main line, 6.O-O"]
[ECO "E17"]
[NIC "QP.06"]
[Time "18:32:12"]
[TimeControl "4500+10"]

1. d4 Nf6 2. Nf3 b6 3. g3 Bb7 4. Bg2 e6 5. O-O Be7 6. c4 d5 7. Nbd2 O-O 8.
Qc2 Na6 9. a3 c5 10. Rd1 cxd4 11. Nxd4 Rc8 12. Nb5 Ra8 13. cxd5 Nxd5 14. Nc4
Qb8 15. e4 Nf6 16. Bf4 Qc8 17. Rac1 Nh5 18. Bd6 Qd7 19. Bxe7 Qxe7 20. Ncd6
e5 21. Qe2 g6 22. Nxb7 Qxb7 23. Nd6 Qe7 24. Qxa6 Rfd8 25. Nb5 Kg7 26. Nc3
Nf6 27. Nd5 Nxd5 28. exd5 e4 29. Qc4 e3 30. Qd4+ f6 31. Qxe3 Qxe3 32. fxe3
Rd6 33. Rc7+ Kh6 34. Rdc1 Re8 35. e4 f5 36. exf5 Re2 37. fxg6 hxg6 38. b4 a5
39. bxa5 bxa5 40. R7c6 Rd8 41. R1c2 Re1+ 42. Kf2 Ra1 43. R6c3 Rf8+ 44. Ke2
Rg1 45. Be4 Rff1 46. Rc6 Re1+ 47. Kd3 Rd1+ 48. Kc4 Kh5 49. Bxg6+ Kg4 50. Bf7
Rge1 51. Be6+ Kf3 52. Kb5 Re4 53. Kxa5 Rdd4 54. R6c3+ Re3 55. Rxe3+ Kxe3 56.
a4 Kd3 57. Rb2 {Black resigns} 1-0

[Event "ICC tourney 2049 (75 10)"]
[Site "Internet Chess Club"]
[Date "2020.10.10"]
[Round "4"]
[White "Elieman"]
[Black "tigertiger2019"]
[Result "1-0"]
[ICCResult "Black checkmated"]
[WhiteElo "2079"]
[BlackElo "1658"]
[Opening "Sicilian: closed, 2...Nc6"]
[ECO "B23"]
[NIC "SI.44"]
[Time "18:32:22"]
[TimeControl "4500+10"]

1. e4 c5 2. Nc3 Nc6 3. Bb5 Nd4 4. Nf3 Nxb5 5. Nxb5 d6 6. d4 cxd4 7. Qxd4 Nf6
8. Qc4 Be6 9. Nc7+ Kd7 10. Nxe6 fxe6 11. Ng5 Qa5+ 12. Bd2 d5 13. Bxa5 dxc4
14. O-O-O+ Kc6 15. f3 b6 16. Bc3 g6 17. Nxe6 Bh6+ 18. Kb1 Rhe8 19. Rd4 b5
20. Ba5 Rac8 21. Rhd1 Be3 22. Nd8+ Kc5 23. Rd5+ Nxd5 24. Rxd5#
{Black checkmated}
1-0

[Event "ICC tourney 2049 (75 10)"]
[Site "Internet Chess Club"]
[Date "2020.10.10"]
[Round "4"]
[White "jairam09"]
[Black "sanjayselvam"]
[Result "1-0"]
[ICCResult "Black resigns"]
[WhiteElo "1831"]
[BlackElo "1904"]
[Opening "Queen's pawn game"]
[ECO "D05"]
[NIC "QP.08"]
[Time "18:32:26"]
[TimeControl "4500+10"]

1. d4 d5 2. Nf3 Nf6 3. e3 e6 4. Bd3 Be7 5. O-O O-O 6. b3 b6 7. Bb2 Bb7 8.
Ne5 c5 9. Nd2 Nc6 10. f4 Rc8 11. a3 a6 12. Nxc6 Rxc6 13. a4 Rc8 14. Qe2 a5
15. Nf3 Ne4 16. Ne5 Bf6 17. Bxe4 dxe4 18. dxc5 Rxc5 19. Rad1 Rd5 20. c4 Rxd1
21. Rxd1 Qc7 22. Nd7 Bxb2 23. Nxf8 Ba3 24. Nd7 f6 25. Qg4 f5 26. Qh5 g6 27.
Nf6+ Kh8 28. Rd8+ {Black resigns} 1-0

[Event "ICC tourney 2049 (75 10)"]
[Site "Internet Chess Club"]
[Date "2020.10.10"]
[Round "4"]
[White "winner08"]
[Black "KnightowlCul8r"]
[Result "0-1"]
[ICCResult "White checkmated"]
[WhiteElo "1797"]
[BlackElo "1922"]
[Opening "Scotch: Potter variation"]
[ECO "C45"]
[NIC "SO.05"]
[Time "18:32:34"]
[TimeControl "4500+10"]

1. e4 e5 2. Nf3 Nc6 3. d4 exd4 4. Nxd4 Bc5 5. Nb3 Bb6 6. Nc3 Qf6 7. Qe2 Nge7
8. Be3 d6 9. O-O-O O-O 10. f3 Bxe3+ 11. Qxe3 a5 12. a3 Be6 13. g4 a4 14. Nd4
Nxd4 15. Rxd4 Nc6 16. Rd1 Ne5 17. Be2 Nc4 18. Bxc4 Bxc4 19. Nd5 Bxd5 20.
Rxd5 c6 21. Rdd1 b5 22. Qd3 Rfd8 23. h4 c5 24. g5 Qf4+ 25. Kb1 b4 26. Rhg1
c4 27. Qxc4 bxa3 28. bxa3 Rab8+ 29. Ka2 Rdc8 30. Qd3 Qh2 31. Rc1 Rb3 32. Qd1
Rcc3 33. Rh1 Rxa3+ 34. Kb1 Qf2 35. Qxd6 Rcb3+ 36. cxb3 Rxb3+ 37. Ka1 Qb2#
{White checkmated}
0-1

[Event "ICC tourney 2049 (75 10)"]
[Site "Internet Chess Club"]
[Date "2020.10.10"]
[Round "4"]
[White "odlepikachu"]
[Black "xyzchessdude"]
[Result "0-1"]
[ICCResult "White resigns"]
[WhiteElo "1880"]
[BlackElo "2044"]
[Opening "Benkö gambit"]
[ECO "A57"]
[NIC "BI.46"]
[Time "18:32:14"]
[TimeControl "4500+10"]

1. d4 c5 2. d5 Nf6 3. c4 b5 4. Nd2 g6 5. b3 Bg7 6. Bb2 b4 7. e4 d6 8. Ngf3
O-O 9. Bd3 a5 10. O-O e5 11. Ne1 Nh5 12. Bc2 Nf4 13. Nd3 Nxd3 14. Bxd3 f5
15. exf5 gxf5 16. f4 e4 17. Bxg7 Kxg7 18. Be2 Qf6 19. Qe1 a4 20. Qg3+ Kh8
21. Kh1 Rg8 22. Qe3 a3 23. g4 Qd4 24. Qxd4+ cxd4 25. gxf5 Bxf5 26. Rg1 Nd7
27. Rxg8+ Rxg8 28. Re1 e3 29. Nf3 Be4 30. h3 {White resigns} 0-1

[Event "ICC tourney 2049 (75 10)"]
[Site "Internet Chess Club"]
[Date "2020.10.10"]
[Round "4"]
[White "vikram251107"]
[Black "MARMAYOGI11"]
[Result "0-1"]
[ICCResult "White resigns"]
[WhiteElo "2004"]
[BlackElo "2201"]
[Opening "Scotch gambit: Dubois-Réti defense"]
[ECO "C55"]
[NIC "KP.02"]
[Time "18:32:20"]
[TimeControl "4500+10"]

1. e4 e5 2. Nf3 Nc6 3. d4 exd4 4. Bc4 Nf6 5. e5 d5 6. Bb5 Ne4 7. Nxd4 Bd7 8.
Bxc6 bxc6 9. O-O Bc5 10. f3 Ng5 11. f4 Ne4 12. c3 O-O 13. Be3 f6 14. Nd2
Nxd2 15. Qxd2 fxe5 16. fxe5 Qe7 17. e6 Bxd4 18. Bxd4 Bxe6 19. Qe3 Qd7 20.
Bc5 Rxf1+ 21. Rxf1 a5 22. Rf3 Re8 23. Qf2 Bf7 24. Rg3 Bg6 25. h4 Qe6 26. Re3
Be4 27. Qg3 Qe5 28. Qxe5 Rxe5 29. g4 Kf7 30. Kf2 Re8 31. Kg3 a4 32. a3 Ke6
33. Re2 Rb8 34. Rf2 Rd8 35. Rf8 Rxf8 36. Bxf8 g6 37. Kf4 h5 38. g5 Bc2 39.
Bc5 Bf5 40. Bd4 Kd6 41. Ke3 c5 42. Bg7 Kc6 43. Be5 Kb6 44. Bf6 Kb5 45. Be7
Kc4 46. Kd2 d4 47. Bf6 c6 48. Bg7 Kd5 49. Bf6 Kc4 50. Bg7 d3 51. Be5 Kd5 52.
Bg3 Ke4 53. Bf2 Kf3 54. Be1 c4 55. Kd1 Bg4 56. Kd2 Kg2 57. Ke3 Kf1 58. Kd2
Bf3 59. Bg3 Bg4 60. Be1 Kg2 61. Ke3 Bd1 62. Kd2 Bc2 63. Ke3 Bb3 64. Bd2 Kf1
65. Kf3 Bd1+ 66. Ke3 Bg4 67. Bc1 Ke1 68. Kd4 d2 69. Bxd2+ Kxd2 70. Kxc4 Kc1
71. b4 Kb2 72. Kc5 Kxa3 73. c4 Kb3 74. b5 cxb5 75. cxb5 a3 76. b6 Bf3
{White resigns}
0-1

[Event "ICC tourney 2049 (75 10)"]
[Site "Internet Chess Club"]
[Date "2020.10.10"]
[Round "4"]
[White "corviknight"]
[Black "greenninja"]
[Result "0-1"]
[ICCResult "White checkmated"]
[WhiteElo "1785"]
[BlackElo "1965"]
[Opening "Sicilian: Najdorf"]
[ECO "B90"]
[NIC "SI.14"]
[Time "18:32:29"]
[TimeControl "4500+10"]

1. e4 c5 2. Nf3 d6 3. d4 cxd4 4. Nxd4 Nf6 5. Nc3 a6 6. f3 e5 7. Nb3 Be6 8.
Be3 Nbd7 9. Qd2 b5 10. g4 Nb6 11. O-O-O Be7 12. h4 b4 13. Ne2 Nc4 14. Qd3
Nxe3 15. Qxe3 O-O 16. h5 Nxg4 17. Qg1 Bg5+ 18. Kb1 Be3 19. Qg3 Nf2 20. Rg1
Qf6 21. Re1 a5 22. Nec1 Nxe4 23. fxe4 Bf2 24. Qg2 Bxe1 25. Nd3 Bh4 26. Be2
Qh6 27. Qh2 Bf6 28. Qg3 a4 29. Nbc1 b3 30. cxb3 axb3 31. a3 Rfc8 32. Bd1
Rcb8 33. Qf2 Bc4 34. Be2 Qd2 35. Bf1 Bxd3+ 36. Nxd3 Qd1+ 37. Nc1 Rc8 38. Bc4
Qc2+ 39. Qxc2 bxc2+ 40. Kxc2 Rxc4+ 41. Kd3 Rd4+ 42. Ke3 d5 43. exd5 Rxd5 44.
Rf1 Rb5 45. Nd3 h6 46. Ke4 Ra4+ 47. Nb4 Raxb4+ 48. axb4 Rxb4+ 49. Kd5 Rxb2
50. Rf5 Rh2 51. Kc6 Rg2 52. Kd5 Rg5 53. Rf1 Rxh5 54. Ke4 Kh7 55. Ke3 Bg5+
56. Ke4 f6 57. Kf3 Kg6 58. Kg4 Rh4+ 59. Kg3 f5 60. Kg2 e4 61. Rg1 Rg4+ 62.
Kh1 Rxg1+ 63. Kxg1 e3 64. Kf1 f4 65. Ke2 h5 66. Ke1 h4 67. Kf1 h3 68. Kg1 e2
69. Kh1 f3 70. Kg1 e1=Q+ 71. Kh2 Qf2+ 72. Kxh3 Qg2# {White checkmated} 0-1

[Event "ICC tourney 2049 (75 10)"]
[Site "Internet Chess Club"]
[Date "2020.10.10"]
[Round "4"]
[White "piplup0621"]
[Black "kaiclc"]
[Result "0-1"]
[ICCResult "White checkmated"]
[WhiteElo "1890"]
[BlackElo "2034"]
[Opening "Benkö gambit half accepted"]
[ECO "A57"]
[NIC "BI.45"]
[Time "18:32:10"]
[TimeControl "4500+10"]

1. d4 Nf6 2. c4 c5 3. d5 b5 4. cxb5 a6 5. b6 d6 6. Nc3 Nbd7 7. e4 g6 8. Bd3
Ne5 9. Bc2 Qxb6 10. Nge2 Bg7 11. h3 O-O 12. f4 Ned7 13. Be3 Qxb2 14. Rb1 Qa3
15. O-O Qa5 16. Qe1 Rb8 17. Rxb8 Nxb8 18. Bd2 Bd7 19. Qh4 Bb5 20. Rf2 Nbd7
21. Nc1 Nh5 22. Nb3 Qa3 23. g4 Bf6 24. g5 Bxc3 25. Bxc3 c4 26. Rf3 cxb3 27.
Bxb3 Be2 28. Re3 Qc1+ 29. Kf2 Qf1# {White checkmated} 0-1

[Event "ICC tourney 2049 (75 10)"]
[Site "Internet Chess Club"]
[Date "2020.10.10"]
[Round "4"]
[White "python0812"]
[Black "ZaeemA"]
[Result "0-1"]
[ICCResult "White checkmated"]
[WhiteElo "2040"]
[BlackElo "1784"]
[Opening "Ruy Lopez: open (Tarrasch) defense"]
[ECO "C80"]
[NIC "RL.27"]
[Time "18:32:39"]
[TimeControl "4500+10"]

1. e4 e5 2. Nf3 Nc6 3. Bb5 a6 4. Ba4 Nf6 5. O-O Nxe4 6. Re1 Nc5 7. Nxe5 Nxe5
8. Rxe5+ Be7 9. Nc3 O-O 10. d4 Nxa4 11. Nxa4 d5 12. Qf3 Bf6 13. Re1 Bxd4 14.
Rd1 Qf6 15. Qxf6 Bxf6 16. Rxd5 c6 17. Rd6 Bg4 18. c3 h6 19. h3 Be6 20. Nc5
Bf5 21. Nxb7 Rab8 22. Nc5 Rfe8 23. g4 Re1+ 24. Kg2 Bc2 25. Nd7 Bh4 26. Rd2
Rd8 27. Rxc2 Rxd7 28. f4 f5 29. gxf5 Rd3 30. b3 Rg3+ 31. Kh2 Rgg1 32. a4
Bg3# {White checkmated} 0-1